 Dungeon Crawl Stone Soup version 0.24.0-13-gcf9b319 (webtiles) character file.

Game seed: 4390647246768175868, levelgen mode: deterministic

347866 2bobheroes the Crack Shot (level 21, -13/198 HPs)
             Began as a Centaur Hunter on Feb 18, 2020.
             Was a High Priest of Trog.
             Hit by a large rock thrown by a stone giant (28 damage)
             ... on level 5 of the Vaults on Feb 22, 2020.
             The game lasted 07:21:39 (70642 turns).

2bobheroes the Crack Shot (Centaur Hunter)         Turns: 70642, Time: 07:21:40

Health: -13/198    AC: 24    Str: 23    XL:     21   Next: 22%
Magic:  29/29      EV: 23    Int:  6    God:    Trog [*****.]
Gold:   1490       SH:  0    Dex: 26    Spells: 20/20 levels left

rFire    . . .     SeeInvis .   Y - +9 longbow (freeze)
rCold    + + +     Gourm    .   (shield currently unavailable)
rNeg     . . .     Faith    .   (no armour)
rPois    .         Spirit   .   a - +2 helmet
rElec    .         Reflect  .   E - +1 cloak
rCorr    .         Harm     .   u - +1 pair of gloves {archery}
MR       ++...                  d - +4 centaur barding of Liberty {+Inv Str+2 Int-4}
Stlth    +++++.....             V - amulet "Fazun" {+Blink rF- rC+++ MR+ Regen+}
HPRegen  0.83/turn              X - +3 ring of protection
MPRegen  0.21/turn              j - ring of protection from fire

@: mighty, agile, hasted, drained, very quick
A: large, hooves 3, agile 1, deformed body, deterioration 1, speed 2, robust 1,
tough skin 3, wild magic 1
}: 2/15 runes: barnacled, gossamer
a: Berserk, Trog's Hand, Brothers in Arms, Renounce Religion, Evoke Blink, Evoke
Invisibility


You were on level 5 of the Vaults.
You worshipped Trog.
Trog was extremely pleased with you.
You were not hungry.

You visited 6 branches of the dungeon, and saw 36 of its levels.
You visited 1 bazaar.
You also visited: Bailey and Gauntlet.

You collected 5157 gold pieces.
You spent 3667 gold pieces at shops.

Inventory:

Hand Weapons
 w - a +2 longbow of flaming
 M - the +11 hunting sling of Axucei {venom, rPois rF+ rC+}
   (You found it on level 7 of the Dungeon)

   It poisons the ammo it fires.
   It protects you from fire.
   It protects you from cold.
   It protects you from poison.
 W - a +5 antimagic quick blade
 Y - a +9 longbow of freezing (weapon)
Missiles
 g - 48 silver javelins
 l - 462 sling bullets
 n - 163 stones
 v - 8 curare-tipped darts
 x - 17 throwing nets
 A - 653 arrows (quivered)
 N - 6 boomerangs of dispersal
Armour
 a - a +2 helmet (worn)
 d - the +4 centaur barding of Liberty (worn) {+Inv Str+2 Int-4}
   (You acquired it on level 3 of the Vaults)

   It affects your strength (+2).
   It affects your intelligence (-4).
   It lets you turn invisible.
 u - a +1 pair of gloves of archery (worn)
 E - a +1 cloak (worn)
 I - +0 acid dragon scales
Jewellery
 b - the ring "Mair" {+Fly Int+5 Dex+6}
   (You found it on level 1 of the Shoals)

   [ring of intelligence]

   It affects your intelligence (+5).
   It affects your dexterity (+6).
   It lets you fly.
 j - a ring of protection from fire (right hand)
 s - an uncursed ring of protection from magic
 y - an uncursed ring of poison resistance
 B - an uncursed ring of protection from cold
 G - an uncursed ring of ice
 Q - the amulet of the Air {Inacc +Fly rElec EV+5 RMsl}
   (You found it on level 6 of the Dungeon)

   [amulet of inaccuracy]

   It reduces the accuracy of all your attacks.
   It affects your evasion (+5).
   It insulates you from electricity.
   It lets you fly.
   It protects you from missiles.
 R - an uncursed ring of see invisible
 T - the amulet of Due Proportion {Spirit Str+4 Int+4}
   (You took it off an orc on level 7 of the Dungeon)

   [amulet of guardian spirit]

   It causes incoming damage to be split between your health and magic.
   It affects your strength (+4).
   It affects your intelligence (+4).
 V - the amulet "Fazun" (around neck) {+Blink rF- rC+++ MR+ Regen+}
   (You took it off a minotaur in a Gauntlet)

   [amulet of regeneration]

   It makes you vulnerable to fire.
   It renders you almost immune to cold.
   It affects your resistance to hostile enchantments.
   It lets you blink.
   It increases your rate of regeneration.
 X - a +3 ring of protection (left hand)
Wands
 D - a wand of digging (10)
 F - a wand of acid (24)
 H - a wand of polymorph (21)
 O - a wand of enslavement (27)
Scrolls
 e - 3 scrolls of blinking
 h - a scroll of enchant weapon
 k - 8 scrolls of fog
 m - 5 scrolls of fear
 q - 2 scrolls of identify
 z - 8 scrolls of enchant armour
 L - 7 scrolls of teleportation
 Z - 3 scrolls of magic mapping
Potions
 i - a potion of magic
 p - 14 potions of curing
 r - a potion of resistance
 K - 2 potions of agility
 P - 4 potions of invisibility
 S - 2 potions of might
Miscellaneous
 c - a lightning rod (4/4)
 o - a lamp of fire
 J - a phantom mirror
 U - a fan of gales
Comestibles
 f - 40 rations


   Skills:
 + Level 13.8(13.0) Fighting
 - Level 8.0(7.3) Short Blades
   Level 3.3(2.8) Staves
 + Level 16.2(15.4) Slings
 * Level 22.2(21.3) Bows
 * Level 11.2(10.5) Armour
 + Level 11.6(10.9) Dodging
 + Level 10.1(9.4) Stealth
 + Level 11.0(10.3) Evocations


You had 20 spell levels left.
You didn't know any spells.
Your spell library contained the following spells:

 Spells                   Type           Power        Failure   Level  Hunger
 Animate Skeleton         Necr           N/A          54%         1    ##.....
 Apportation              Tloc           #.....       54%         1    ##.....
 Beastly Appendage        Tmut           #.....       54%         1    ##.....
 Confusing Touch          Hex            #.....       54%         1    ##.....
 Flame Tongue             Conj/Fire      #....        54%         1    ##.....
 Freeze                   Ice            #...         54%         1    ##.....
 Magic Dart               Conj           #...         54%         1    ##.....
 Pain                     Necr           #...         54%         1    ##.....
 Shock                    Conj/Air       #...         54%         1    ##.....
 Summon Butterflies       Summ           #.......     54%         1    ##.....
 Summon Small Mammal      Summ           #...         54%         1    ##.....
 Blink                    Tloc           N/A          67%         2    ###....
 Call Imp                 Summ           #.......     67%         2    ###....
 Corpse Rot               Necr           N/A          67%         2    ###....
 Poisonous Vapours        Pois/Air       #.....       67%         2    ###....
 Searing Ray              Conj           #.....       67%         2    ###....
 Slow                     Hex            #.......     67%         2    ###....
 Sticks to Snakes         Tmut           #.......     67%         2    ###....
 Sublimation of Blood     Necr           #.........   67%         2    ###....
 Swiftness                Chrm/Air       #.......     67%         2    ###....
 Throw Flame              Conj/Fire      #.....       67%         2    ###....
 Throw Frost              Conj/Ice       #.....       67%         2    ###....
 Conjure Flame            Conj/Fire      #.......     88%         3    ####...
 Dazzling Spray           Conj/Hex       #.....       88%         3    ####...
 Ignite Poison            Fire/Tmut/Pois #.......     88%         3    ####...
 Inner Flame              Hex/Fire       #.......     88%         3    ####...
 Lesser Beckoning         Tloc           #.........   88%         3    ####...
 Mephitic Cloud           Conj/Pois/Air  #.......     88%         3    ####...
 Ozocubu's Armour         Chrm/Ice       #.......     88%         3    ####...
 Recall                   Summ/Tloc      N/A          88%         3    ####...
 Regeneration             Chrm/Necr      #.........   88%         3    ####...
 Spider Form              Tmut/Pois      #.........   88%         3    ####...
 Static Discharge         Conj/Air       #.......     88%         3    ####...
 Tukima's Dance           Hex            #.......     88%         3    ####...
 Vampiric Draining        Necr           #.........   88%         3    ####...
 Airstrike                Air            #.........   99%         4    #####..
 Animate Dead             Necr           N/A          99%         4    #####..
 Force Lance              Conj/Tloc      #.......     99%         4    #####..
 Fulminant Prism          Conj/Hex       #.........   99%         4    #####..
 Ice Form                 Ice/Tmut       #.......     99%         4    #####..
 Iskenderun's Mystic Bla  Conj           #.......     99%         4    #####..
 Sticky Flame             Conj/Fire      #.......     99%         4    #####..
 Summon Ice Beast         Ice/Summ       #.......     99%         4    #####..
 Throw Icicle             Conj/Ice       #.......     99%         4    #####..
 Agony                    Necr           #.......     100%        5    ######.
 Alistair's Intoxication  Tmut/Pois      #.......     100%        5    ######.
 Aura of Abjuration       Summ           #.........   100%        5    ######.
 Blade Hands              Tmut           #.........   100%        5    ######.
 Bolt of Draining         Conj/Necr      #.........   100%        5    ######.
 Dispel Undead            Necr           #.......     100%        5    ######.
 Excruciating Wounds      Chrm/Necr      #.........   100%        5    ######.
 Fireball                 Conj/Fire      #.........   100%        5    ######.
 Irradiate                Conj/Tmut      #.........   100%        5    ######.
 Lightning Bolt           Conj/Air       #.........   100%        5    ######.
 Summon Demon             Summ           #.........   100%        5    ######.
 Summon Forest            Summ/Tloc      #.........   100%        5    ######.
 Summon Mana Viper        Hex/Summ       #.......     100%        5    ######.
 Bolt of Fire             Conj/Fire      #.........   100%        6    #######
 Freezing Cloud           Conj/Ice/Air   #.........   100%        6    #######
 Hydra Form               Tmut           #.........   100%        6    #######
 Invisibility             Hex            #.......     100%        6    #######
 Shadow Creatures         Summ           N/A          100%        6    #######
 Statue Form              Tmut/Erth      #........    100%        6    #######
 Dragon Form              Tmut           #.........   100%        7    #######
 Ring of Flames           Chrm/Fire      #.........   100%        7    #######
 Ignition                 Fire           #.........   100%        8    #######


Dungeon Overview and Level Annotations

Branches:
Dungeon (15/15)            Temple (0/1) D:4            Lair (6/6) D:8
 Shoals (4/4) Lair:4       Spider (4/4) Lair:4        Slime (0/5) Lair:6
    Orc (2/2) D:12            Elf (0/3) Orc:2        Vaults (5/5) D:13
  Crypt (0/3) Vaults:3     Depths (0/5) D:15         Bailey (visited)
Gauntlet (visited)

Altars:
Cheibriados
Gozag
Trog
Beogh
Jiyva

Shops:
D:12 [   Orc:2 [[?[   Shoals:1 *}   Shoals:3 }   Shoals:4 !   Vaults:2 =
Vaults:3 [   Vaults:4 %

Annotations:
Lair:5 2 transporters, Fyom Utwu's ghost, journeyman MiFi
Vaults:5 Mennas


Innate Abilities, Weirdness & Mutations

You have hooves in place of feet.
Armour fits poorly on your strangely shaped body.
You cover ground very quickly.
You have extremely tough skin. (AC +3)
You are agile. (Dex +2)
Your body sometimes deteriorates upon taking damage.
You are robust. (+10% HP)
Your spells are a little harder to cast, but a little more powerful.


Message History

The wolf spider hisses angrily.
The quicksilver dragon roars deafeningly!
The vault guard shouts!
The stone giant shouts!
You hear a shout! x2
A vault guard comes into view. It is wielding a +0 lajatang of venom.
The azure jelly moves out of view.
The yaktaur captain shouts!
You hear a shout! x3
Found three escape hatches in the ceiling.
Found two stone staircases leading up.
The vault guard shouts!
The stone giant throws a large rock.
The large rock completely misses you.
The vault warden hits you with a +0 long sword!!
* * * LOW HITPOINT WARNING * * *
The quicksilver dragon breathes dispelling energy at you.
The bolt of dispelling energy misses you.
The fire giant gestures at you while chanting.
The fireball explodes!
The fireball engulfs you!!!
* * * LOW HITPOINT WARNING * * *
You hear a shout! x5
The stone giant throws a large rock.
The large rock hits you!!
You die...

.# ...# .#....#
.#....# ....... ##
###########.C.p...
..
...............p..
..
......C..p....<<..
..
..........u..<..<.
..
.......@.su...<<..
##
###########c.(....
. #......D... .
#....#....# #
#....#....#
#....#...p# ####u#
.. #....# #u...#


You could see 2 very ugly things, a fire giant, a quicksilver dragon, a stone
giant, a vault warden, a yaktaur captain, a vault guard and a wolf spider.

Vanquished Creatures
  Frederick (Vaults:2)
  Bai Suzhen (Shoals:3)
  Margery (Vaults:5)
  Nikola (Vaults:3)
  A titan (Vaults:5)
  A quicksilver dragon (Vaults:5)
  A kraken (Shoals:4)
  2 sphinxes
  2 ancient champions (Vaults:2)
  A shadow dragon (Vaults:5)
  4 tengu reavers
  Ilsuiw (Shoals:2)
  A fire giant (Vaults:3)
  The ghost of archon2 the Scorcher, an adept DEFE of Vehumet (Shoals:1)
  4 ghost moths
  The ghost of bonegar the Cleaver, a journeyman MiBe of Trog (Lair:6)
  2 frost giants
  A deep elf sorcerer (Vaults:5)
  8 vault wardens
  An orc warlord (Vaults:3)
  Louise (D:15)
  4 emperor scorpions
  Aizul (Spider:4)
  A ghoul (Vaults:3)
  3 ironheart preservers
  A spriggan defender (Vaults:2)
  6 stone giants
  5 entropy weavers
  Nessos (D:13)
  A deep elf annihilator (Vaults:5)
  Azrael (D:13)
  A minotaur (Gauntlet)
  Snorg (D:13)
  4 ettins
  6 spark wasps
  5 merfolk javelineers
  The ghost of meepyknight the Blocker, a journeyman GrFi of the Shining One (D:13)
  10 merfolk impalers
  Josephine (D:13)
  A crystal guardian (Vaults:3)
  A death ooze (Gauntlet)
  6 yaktaur captains
  2 fire dragons (Vaults:4)
  2 rakshasas
  4 great orbs of eyes
  2 ice dragons
  12 vault guards
  A deep elf high priest (Vaults:5)
  Harold (D:8)
  8 hydras
  9 ogre magi
  6 merfolk aquamancers
  5 centaur warriors
  2 satyrs
  5 death yaks (Lair:4)
  5 death scarabs (Spider:4)
  5 merfolk avatars
  7 death knights
  17 two-headed ogres
  A deep troll earth mage (Vaults:2)
  2 tengu warriors
  10 orc high priests
  Urug (D:13)
  Nergalle (D:10)
  4 deep elf knights
  4 shadow wraiths
  Sonja (D:10)
  12 skeletal warriors
  2 storm dragon skeletons (Vaults:3)
  3 unseen horrors
  8 deep trolls
  3 wizards
  2 glowing orange brains
  13 ironbrand convokers
  An unseen horror (shapeshifter) (D:15)
  18 sea snakes
  An obsidian statue (Shoals:1)
  2 wolf spider zombies (Spider:4)
  4 spectral wolf spiders (Spider:4)
  A deep elf archer (Vaults:4)
  2 phantasmal warriors
  A flayed ghost (Vaults:4)
  A lindwurm (D:13)
  6 deep elf magi
  2 mana vipers (shapeshifter)
  17 orc knights
  A tengu skeleton (Vaults:3)
  32 harpies
  11 orb spiders
  The ghost of letoffstudios the Spear-Bearer, a novice MfGl (D:6)
  A necromancer (Vaults:3)
  36 ugly things
  33 wolf spiders
  12 cyclopes
  5 moths of wrath
  20 manticores
  6 orc sorcerers
  A cyclops (shapeshifter) (Vaults:3)
  9 fauns
  5 black mambas (Lair:6)
  A guardian serpent (Lair:6)
  6 water nymphs
  12 merfolk sirens
  8 vault sentinels
  A stone giant skeleton (Vaults:3)
  8 elephants
  Joseph (D:9)
  Maurice (D:8)
  2 torpor snails
  Psyche (D:9)
  A guardian serpent (shapeshifter) (Vaults:2)
  3 gargoyles
  15 spiny frogs
  37 yaktaurs
  2 kobold demonologists (D:15)
  A rime drake (Lair:4)
  A spiny frog (shapeshifter) (D:13)
  An efreet (D:15)
  5 komodo dragons
  A yaktaur (shapeshifter) (D:14)
  7 demonic crawlers
  9 freezing wraiths
  8 human skeletons (Vaults:3)
  A queen bee (shapeshifter) (Vaults:2)
  A queen bee (Lair:2)
  A troll (shapeshifter) (Vaults:4)
  3 tengu conjurers
  A merfolk (shapeshifter) (Vaults:2)
  34 jumping spiders
  3 yaktaur skeletons (Vaults:3)
  A jumping spider (shapeshifter) (Vaults:3)
  13 hornets
  9 trolls
  6 dream sheep
  A hippogriff (shapeshifter) (Vaults:4)
  3 polar bears
  A jumping spider zombie (Spider:4)
  8 blink frogs
  28 merfolk
  4 spectral jumping spiders (Spider:4)
  2 spectral tarantellas (Spider:4)
  Prince Ribbit (D:6)
  25 slime creatures
  A raiju (shapeshifter) (Vaults:1)
  6 wind drakes
  12 hippogriffs
  A harpy skeleton (D:13)
  13 snapping turtles
  A centaur simulacrum (D:15)
  A stone giant simulacrum (Vaults:3)
  A spriggan (shapeshifter) (Vaults:2)
  8 water elementals
  72 redbacks
  A spriggan (Lair:5)
  A yak (shapeshifter) (Vaults:4)
  14 wraiths
  A redback (shapeshifter) (Vaults:5)
  21 tarantellas
  A hog (shapeshifter) (Vaults:4)
  49 yaks
  A golden eye (shapeshifter) (Vaults:1)
  3 fire elementals (D:13)
  A vampire mosquito (D:11)
  A basilisk (D:8)
  14 wyverns
  A hungry ghost (D:6)
  Menkaure (D:7)
  6 wargs
  21 water moccasins
  3 large abominations (Gauntlet)
  5 hell hounds
  4 acid dragons
  A swamp drake (shapeshifter) (Vaults:1)
  A deep troll skeleton (Vaults:3)
  47 orc warriors
  6 black bears
  9 porcupines
  A spectral hornet (Spider:4)
  3 ice beasts
  2 necrophages
  3 phantoms
  2 black bears (shapeshifter)
  3 sky beasts
  A hornet zombie (Spider:4)
  An eye of draining (D:15)
  3 boggarts (Vaults:2)
  2 centaurs
  22 ogres
  23 wolves
  14 crocodiles
  3 small abominations (Gauntlet)
  An elf skeleton (Vaults:3)
  7 big kobolds
  12 bullfrogs
  8 gnoll sergeants (Bailey)
  A wyvern zombie (D:11)
  A wyvern skeleton (D:8)
  A scorpion (D:9)
  An orc simulacrum (Vaults:2)
  34 killer bees
  10 wights
  8 howler monkeys
  3 electric eels (D:13)
  A bullfrog zombie (D:8)
  5 crimson imps
  A human simulacrum (Vaults:3)
  A quasit (D:8)
  8 hounds
  5 jellies
  33 orc priests
  3 bullfrog skeletons
  38 orc wizards
  4 centaur zombies
  7 gnoll shamans
  3 centaur skeletons
  2 hell rats (Lair:3)
  5 iguanas
  15 worker ants
  A hound skeleton (D:4)
  A worker ant zombie (D:9)
  22 gnolls
  A howler monkey skeleton (D:10)
  8 river rats (Lair:3)
  14 adders
  An ooze (D:1)
  An adder skeleton (D:6)
  2 worms (D:2)
  5 dart slugs (D:1)
  10 leopard geckos
  108 orcs
  5 giant cockroaches
  5 goblins
  7 hobgoblins
  6 jackals
  28 kobolds
  4 quokkas
  5 ball pythons
  A ball python skeleton (D:4)
  7 bats
  6 frilled lizards
  A giant cockroach zombie (D:6)
  2 quokka skeletons
  11 rats
  A fungus (Lair:6)
  12 plants
  2 tentacles (Shoals:4)
1672 creatures vanquished.

Vanquished Creatures (collateral kills)
  3 death scarabs (Spider:4)
  2 spectral wolf spiders (Spider:4)
  A spectral redback (Spider:4)
  A demonic crawler (Spider:4)
  2 spectral jumping spiders (Spider:4)
  3 spectral tarantellas (Spider:4)
12 creatures vanquished.

Vanquished Creatures (others)
  A kobold demonologist (D:13)
  A bush (D:8)
  9 fungi
  18 plants
  19 tentacles (Shoals:4)
  22 withered plants (Gauntlet)
70 creatures vanquished.

Grand Total: 1754 creatures vanquished

Notes
Turn   | Place    | Note
-------+----------+-------------------------------------------
     0 | D:1      | 2bobheroes the Centaur Hunter began the quest for the Orb.
     0 | D:1      | Reached XP level 1. HP: 17/17 MP: 1/1
   149 | D:1      | Reached XP level 2. HP: 18/24 MP: 2/2
   243 | D:1      | Reached skill level 1 in Stealth
   443 | D:1      | Reached XP level 3. HP: 27/29 MP: 3/3
  1567 | D:2      | Reached skill level 6 in Bows
  1728 | D:2      | Reached XP level 4. HP: 23/37 MP: 4/4
  3105 | D:2      | Reached skill level 1 in Short Blades
  3402 | D:3      | Reached XP level 5. HP: 26/42 MP: 5/5
  3812 | D:3      | HP: 2/44 [gnoll/+0 whip (10)]
  4342 | D:4      | Found a bloodstained altar of Trog.
  4433 | D:4      | Reached skill level 7 in Bows
  4433 | D:4      | Reached XP level 6. HP: 23/51 MP: 6/6
  4676 | D:4      | Became a worshipper of Trog the Wrathful
  4685 | D:4      | Found a staircase to the Ecumenical Temple.
  5378 | D:4      | Reached skill level 1 in Staves
  5464 | D:4      | Reached XP level 7. HP: 37/57 MP: 7/7
  5784 | D:5      | Entered Level 5 of the Dungeon
  5965 | D:5      | Reached skill level 8 in Bows
  6127 | D:5      | Reached * piety under Trog
  6914 | D:6      | Reached XP level 8. HP: 45/66 MP: 8/8
  7157 | D:6      | Reached skill level 9 in Bows
  7227 | D:6      | Noticed Prince Ribbit
  7255 | D:6      | Killed Prince Ribbit
  7428 | D:6      | Found a runed translucent door.
  7468 | D:6      | Found a runed translucent door.
  7545 | D:6      | Found the amulet of the Air {Inacc +Fly rElec EV+5 RMsl}
  7645 | D:6      | Got a brightly glowing hand crossbow
  7819 | D:6      | Noticed letoffstudios's ghost (novice MfGl)
  8520 | D:6      | Killed letoffstudios's ghost
  8520 | D:6      | Reached skill level 5 in Fighting
  8520 | D:6      | Reached skill level 10 in Bows
  8770 | D:7      | Got an ancient hunting sling
  8777 | D:7      | Identified the amulet of Due Proportion {Spirit Str+4
                  | Int+4}
  8910 | D:6      | Identified the +11 hunting sling of Axucei {venom, rPois
                  | rF+ rC+} (You found it on level 7 of the Dungeon)
  9021 | D:7      | Reached XP level 9. HP: 72/74 MP: 9/9
  9108 | D:7      | Reached skill level 1 in Slings
  9112 | D:7      | Noticed Menkaure
  9143 | D:7      | Killed Menkaure
  9717 | D:7      | Reached ** piety under Trog
 10548 | D:8      | Noticed Harold
 10669 | D:8      | Killed Harold
 10669 | D:8      | Reached skill level 5 in Slings
 10669 | D:8      | Reached skill level 11 in Bows
 10669 | D:8      | Reached XP level 10. HP: 46/83 MP: 5/10
 11183 | D:8      | Found a staircase to the Lair.
 11506 | D:8      | Reached *** piety under Trog
 11590 | D:8      | Reached skill level 5 in Dodging
 11801 | D:8      | Noticed Maurice
 11877 | D:8      | Killed Maurice
 12366 | D:9      | Found a flagged portal.
 12375 | Bailey   | Entered a bailey
 13031 | D:9      | Noticed Joseph
 13052 | D:9      | Noticed a two-headed ogre
 13058 | D:9      | Killed a two-headed ogre
 13058 | D:9      | Reached skill level 12 in Bows
 13060 | D:9      | Reached **** piety under Trog
 13066 | D:9      | Reached XP level 11. HP: 92/92 MP: 11/11
 13358 | D:9      | Reached skill level 5 in Stealth
 13663 | D:9      | Received a gift from Trog
 13873 | D:9      | Noticed Psyche
 13878 | D:9      | Killed Psyche
 14137 | D:9      | Killed Joseph
 14423 | Lair:1   | Entered Level 1 of the Lair of Beasts
 15673 | Lair:2   | Reached skill level 1 in Evocations
 16065 | Lair:2   | Reached ***** piety under Trog
 16090 | Lair:2   | Reached skill level 10 in Slings
 16110 | Lair:2   | Reached XP level 12. HP: 89/102 MP: 10/13
 16246 | Lair:2   | Reached skill level 13 in Bows
 16662 | Lair:3   | Noticed a six-headed hydra
 16673 | Lair:3   | Killed a six-headed hydra
 17710 | Lair:4   | Noticed a six-headed hydra
 17717 | Lair:4   | Killed a six-headed hydra
 17775 | Lair:4   | Found a hole to the Spider Nest.
 17921 | Lair:4   | Identified the cursed +0 hand crossbow of Ichuetokk {venom,
                  | -Tele Str+6 Dex+3} (You found it on level 6 of the Dungeon)
 18391 | Lair:4   | Found a staircase to the Shoals.
 18643 | Lair:4   | Noticed a death yak
 18644 | Lair:4   | Noticed a death yak
 18644 | Lair:4   | Noticed a death yak
 18650 | Lair:4   | Noticed a death yak
 18664 | Lair:4   | Killed a death yak
 18664 | Lair:4   | Received a gift from Trog
 18677 | Lair:4   | Noticed a death yak
 18692 | Lair:4   | Killed a death yak
 18709 | Lair:4   | Killed a death yak
 18730 | Lair:4   | Killed a death yak
 18765 | Lair:4   | Killed a death yak
 18765 | Lair:4   | Reached skill level 14 in Bows
 19455 | Lair:4   | Reached XP level 13. HP: 81/111 MP: 11/15
 19644 | Lair:5   | Found a transporter.
 19646 | Lair:5   | Noticed Fyom Utwu's ghost (journeyman MiFi)
 19668 | Lair:5   | Found a transporter.
 20077 | Lair:5   | Received a gift from Trog
 20472 | Lair:5   | Received a gift from Trog
 21272 | Lair:6   | Entered Level 6 of the Lair of Beasts
 21587 | Lair:6   | Found a runed translucent door.
 21608 | Lair:6   | Noticed bonegar's ghost (journeyman MiBe)
 21821 | Lair:6   | Received a gift from Trog
 21821 | Lair:6   | Reached skill level 15 in Bows
 21917 | Lair:6   | Found a viscous altar of Jiyva.
 21917 | Lair:6   | Found a staircase to the Slime Pits.
 22047 | Lair:6   | Got a pitted whip
 22048 | Lair:6   | Identified the +3 whip "Vere" {flame, rF+ rC+ Str+2 Int-2}
                  | (You found it on level 6 of the Lair of Beasts)
 22579 | Lair:6   | Reached XP level 14. HP: 119/119 MP: 17/17
 22615 | Lair:6   | Reached skill level 5 in Evocations
 22657 | Lair:6   | Reached ****** piety under Trog
 23832 | Lair:6   | Killed bonegar's ghost
 24372 | D:10     | Entered Level 10 of the Dungeon
 24676 | D:10     | Noticed Nergalle
 24688 | D:10     | Killed Nergalle
 24688 | D:10     | Received a gift from Trog
 25103 | D:10     | Noticed Sonja
 25117 | D:10     | Killed Sonja
 25394 | D:11     | Reached skill level 10 in Fighting
 26307 | D:11     | Reached skill level 1 in Armour
 27146 | D:12     | Found a snail-covered altar of Cheibriados.
 27199 | D:12     | Reached skill level 16 in Bows
 27322 | D:12     | Found a staircase to the Orcish Mines.
 27339 | D:12     | Found Ruyway's Armour Shop.
 28200 | Orc:1    | Entered Level 1 of the Orcish Mines
 28203 | Orc:1    | Noticed a stone giant
 28501 | Orc:1    | Killed a stone giant
 28683 | Orc:2    | Entered Level 2 of the Orcish Mines
 28702 | Orc:2    | Paralysed by an orc sorcerer for 7 turns
 28714 | Orc:1    | Received a gift from Trog
 29923 | Orc:2    | Found Tuohof's Armour Emporium.
 29923 | Orc:2    | Found Pegg's Armour Emporium.
 29924 | Orc:2    | Found Loeloulle's Antique Armour Shoppe.
 29939 | Orc:2    | Found Giysmeh's Magic Scroll Shoppe.
 29961 | Orc:2    | Bought a scroll of magic mapping for 42 gold pieces
 29961 | Orc:2    | Bought a scroll of teleportation for 36 gold pieces
 29961 | Orc:2    | Bought a scroll of magic mapping for 42 gold pieces
 29961 | Orc:2    | Bought 2 scrolls of fog for 48 gold pieces
 30025 | Orc:2    | Reached XP level 15. HP: 127/127 MP: 19/19
 30038 | Orc:2    | Received a gift from Trog
 30065 | Orc:2    | Found a staircase to the Elven Halls.
 30140 | Orc:2    | Found a roughly hewn altar of Beogh.
 31434 | D:13     | Noticed Nessos
 31443 | D:13     | Killed Nessos
 31481 | D:13     | Noticed Snorg
 31498 | D:13     | Killed Snorg
 31568 | D:13     | Received a gift from Trog
 32119 | D:13     | Noticed Azrael
 32146 | D:13     | Killed Azrael
 32636 | D:13     | Found a gate to the Vaults.
 32699 | D:13     | Noticed Josephine
 32707 | D:13     | Noticed Urug
 32772 | D:13     | Killed Urug
 32773 | D:13     | Killed Josephine
 32773 | D:13     | Reached skill level 17 in Bows
 33307 | D:13     | Found a runed translucent gate.
 33308 | D:13     | Found a runed translucent gate.
 33309 | D:13     | Found a runed translucent gate.
 33309 | D:13     | Identified the +9 plate armour of Vexation {rPois}
 33310 | D:13     | Noticed meepyknight's ghost (journeyman GrFi)
 33315 | D:13     | Found a roughly hewn altar of Beogh.
 33616 | D:13     | Killed meepyknight's ghost
 35010 | D:15     | Entered Level 15 of the Dungeon
 35062 | D:15     | Found a gate leading to a gauntlet.
 35080 | Gauntlet | Entered a Gauntlet
 35080 | Gauntlet | Found a transporter.
 35080 | Gauntlet | Found a transporter.
 35080 | Gauntlet | Found a transporter.
 35080 | Gauntlet | Found a runed translucent gate.
 35080 | Gauntlet | Found a runed translucent gate.
 35080 | Gauntlet | Found a runed translucent gate.
 35411 | Gauntlet | Found a transporter.
 35421 | Gauntlet | Found a transporter.
 35424 | Gauntlet | Found a transporter.
 35434 | Gauntlet | Found a transporter.
 35453 | Gauntlet | Found a transporter.
 35467 | Gauntlet | Found a transporter.
 35470 | Gauntlet | Found a transporter.
 35482 | Gauntlet | Found a transporter.
 35482 | Gauntlet | Found a transporter.
 35810 | Gauntlet | Received a gift from Trog
 36048 | Gauntlet | Identified the amulet "Fazun" {+Blink rF- rC+++ MR+ Regen+}
 36287 | D:15     | Reached skill level 5 in Armour
 36336 | D:15     | Received a gift from Trog
 36778 | D:15     | Reached XP level 16. HP: 136/136 MP: 21/21
 36959 | D:15     | Found a staircase to the Depths.
 37067 | D:15     | Noticed Louise
 37133 | D:15     | Killed Louise
 38069 | Shoals:1 | Entered Level 1 of the Shoals
 38311 | Shoals:1 | Received a gift from Trog
 38311 | Shoals:1 | Reached skill level 18 in Bows
 38475 | Shoals:1 | Found a runed translucent gate.
 38476 | Shoals:1 | Found a runed translucent gate.
 38476 | Shoals:1 | Found an opulent altar of Gozag.
 38477 | Shoals:1 | Found a runed translucent gate.
 38480 | Shoals:1 | Noticed archon2's ghost (adept DEFE)
 38481 | Shoals:1 | Found Hulal's Assorted Antiques.
 38867 | Shoals:1 | Found a transporter.
 39296 | Shoals:1 | Found Menajit's Gadget Shoppe.
 39315 | Shoals:1 | Bought a wand of digging (5) for 324 gold pieces
 39332 | Shoals:1 | Found a transporter.
 40304 | Shoals:1 | Got a brightly glowing lapis lazuli ring
 40306 | Shoals:1 | Identified the ring "Mair" {+Fly Int+5 Dex+6} (You found it
                  | on level 1 of the Shoals)
 40684 | Shoals:2 | Received a gift from Trog
 41225 | Shoals:2 | Reached skill level 10 in Dodging
 41370 | Shoals:2 | Received a gift from Trog
 41888 | Shoals:2 | Reached XP level 17. HP: 107/145 MP: 23/23
 42081 | Shoals:3 | Found Ubloruza's Gadget Shoppe.
 42722 | Shoals:3 | Noticed Ilsuiw
 44899 | Shoals:4 | Entered Level 4 of the Shoals
 45802 | Shoals:4 | Received a gift from Trog
 45845 | Shoals:4 | Reached skill level 19 in Bows
 46446 | Shoals:4 | HP: 7/146 [harpy (10)]
 46453 | Shoals:4 | Noticed Bai Suzhen
 46878 | Shoals:2 | Killed Ilsuiw
 47307 | Shoals:3 | Killed Bai Suzhen
 47954 | Shoals:4 | Noticed a kraken
 48008 | Shoals:4 | Killed a kraken
 48085 | Shoals:4 | Got a barnacled rune of Zot
 48182 | Shoals:4 | Found Abysoeschav's Distillery.
 48199 | Shoals:4 | Bought a potion of curing for 45 gold pieces
 48199 | Shoals:4 | Bought a potion of heal wounds for 75 gold pieces
 48199 | Shoals:4 | Bought 2 potions of curing for 90 gold pieces
 48199 | Shoals:4 | Bought a potion of agility for 60 gold pieces
 48605 | Spider:1 | Entered Level 1 of the Spider Nest
 49651 | Spider:2 | Received a gift from Trog
 49835 | Spider:2 | Reached XP level 18. HP: 154/154 MP: 24/24
 50372 | Spider:2 | Received a gift from Trog
 51175 | Spider:3 | Received a gift from Trog
 51482 | Spider:3 | Reached skill level 5 in Short Blades
 52617 | Spider:4 | Entered Level 4 of the Spider Nest
 52855 | Spider:4 | HP: 5/155 [spark wasp/living lightning (13)]
 52856 | Spider:4 | Received a gift from Trog
 53427 | Spider:4 | Noticed Aizul
 53445 | Spider:4 | Killed Aizul
 53808 | Spider:4 | Reached skill level 20 in Bows
 54122 | Spider:4 | Reached skill level 15 in Slings
 55125 | Spider:4 | Received a gift from Trog
 55230 | Spider:4 | Received a gift from Trog
 55687 | Spider:4 | Got a gossamer rune of Zot
 56066 | Vaults:1 | Entered Level 1 of the Vaults
 56122 | D:13     | Received a gift from Trog
 56973 | Vaults:1 | Reached XP level 19. HP: 162/162 MP: 24/26
 58568 | Vaults:1 | Received a gift from Trog
 59557 | Vaults:2 | Found a flickering gateway to a bazaar.
 59558 | Vaults:2 | Noticed Frederick
 59616 | Vaults:2 | Killed Frederick
 59673 | Bazaar   | Entered a bazaar
 59674 | Bazaar   | Found Tigurauv's Assorted Antiques.
 59674 | Bazaar   | Found Nunucazi's Jewellery Boutique.
 59675 | Bazaar   | Found Keteeschiph's Distillery.
 59681 | Bazaar   | Bought a scroll labeled IRAINEIMOI for 21 gold pieces
 59681 | Bazaar   | Bought a scroll labeled POTEHOEGUHO for 21 gold pieces
 59695 | Bazaar   | Bought a potion of haste for 150 gold pieces
 59695 | Bazaar   | Bought a potion of magic for 120 gold pieces
 59695 | Bazaar   | Bought a potion of heal wounds for 75 gold pieces
 59695 | Bazaar   | Bought a potion of curing for 45 gold pieces
 59695 | Bazaar   | Bought a potion of haste for 150 gold pieces
 59695 | Bazaar   | Bought a potion of curing for 45 gold pieces
 59695 | Bazaar   | Bought a potion of curing for 45 gold pieces
 59708 | Bazaar   | Bought a cursed -2 ring of intelligence for 18 gold pieces
 59708 | Bazaar   | Bought a cursed amulet of inaccuracy for 18 gold pieces
 59713 | Bazaar   | Found Ruasty's Antique Armour Emporium.
 59721 | Bazaar   | Bought a pair of glowing gloves for 225 gold pieces
 59721 | Bazaar   | Bought runed steam dragon scales for 1290 gold pieces
 59737 | Bazaar   | Bought a potion of invisibility for 120 gold pieces
 59737 | Bazaar   | Bought a potion of invisibility for 120 gold pieces
 59801 | Vaults:2 | Found Fuetrye's Jewellery Shop.
 60244 | Shoals:1 | Killed archon2's ghost
 60355 | Shoals:1 | Bought a scroll of identify for 60 gold pieces
 60355 | Shoals:1 | Bought a scroll of fog for 60 gold pieces
 60355 | Shoals:1 | Bought a scroll of identify for 60 gold pieces
 61642 | Vaults:2 | Received a gift from Trog
 61763 | Vaults:2 | Reached skill level 10 in Evocations
 62695 | Vaults:2 | Reached skill level 21 in Bows
 62903 | Vaults:2 | Reached skill level 10 in Armour
 63747 | Vaults:3 | Received a gift from Trog
 63906 | Vaults:3 | Noticed Nikola
 64183 | Vaults:3 | Found Veycw's Antique Armour Shop.
 64226 | Vaults:3 | Reached XP level 20. HP: 142/171 MP: 27/27
 64280 | Vaults:3 | Bought a glowing cloak for 262 gold pieces
 65512 | Vaults:3 | Killed Nikola
 65633 | Vaults:3 | Received a gift from Trog
 65916 | Vaults:3 | Received a gift from Trog
 65925 | Vaults:3 | Got a transparent longbow {god gift}
 65926 | Vaults:3 | Identified the +1 longbow "Janup" {venom, *Contam rElec rF+
                  | Int+4} (Trog gifted it to you on level 3 of the Vaults)
 65977 | Vaults:3 | Gained mutation: Scrolls take you a little longer to read.
                  | [mutagenic glow]
 66496 | Vaults:3 | Identified a scroll of acquirement
 66500 | Vaults:3 | Got a faintly glowing centaur barding
 66529 | Vaults:3 | Identified the +4 centaur barding of Liberty {+Inv Str+2
                  | Int-4} (You acquired it on level 3 of the Vaults)
 66644 | D:13     | Lost mutation: Scrolls take you a little longer to read.
                  | [potion of mutation]
 66644 | D:13     | Gained mutation: Potions are less effective at restoring
                  | your health. [potion of mutation]
 66644 | D:13     | Gained mutation: You have a pair of small horns on your
                  | head. [potion of mutation]
 66644 | D:13     | Gained mutation: You passively map a small area around you.
                  | [potion of mutation]
 66645 | D:13     | Lost mutation: You passively map a small area around you.
                  | [potion of mutation]
 66645 | D:13     | Lost mutation: You have a pair of small horns on your head.
                  | [potion of mutation]
 66645 | D:13     | Gained mutation: You are robust. (+10% HP) [potion of
                  | mutation]
 66645 | D:13     | Lost mutation: You are robust. (+10% HP) [potion of
                  | mutation]
 66645 | D:13     | Gained mutation: You are agile. (Dex +2) [potion of
                  | mutation]
 66645 | D:13     | Gained mutation: Your muscles are strong. (Str +2) [potion
                  | of mutation]
 66685 | D:12     | Lost mutation: Your muscles are strong. (Str +2) [potion of
                  | mutation]
 66685 | D:12     | Lost mutation: You are agile. (Dex +2) [potion of mutation]
 66685 | D:12     | Lost mutation: Potions are less effective at restoring your
                  | health. [potion of mutation]
 66685 | D:12     | Gained mutation: Your spells are a little harder to cast,
                  | but a little more powerful. [potion of mutation]
 66685 | D:12     | Gained mutation: Your body sometimes deteriorates upon
                  | taking damage. [potion of mutation]
 66685 | D:12     | Gained mutation: You are robust. (+10% HP) [potion of
                  | mutation]
 66685 | D:12     | Gained mutation: You are agile. (Dex +2) [potion of
                  | mutation]
 67143 | Vaults:3 | Found a staircase to the Crypt.
 68135 | Vaults:4 | Received a gift from Trog
 68596 | Vaults:4 | Identified the +5 chain mail of Virtue {rElec Str+2 SInv}
 69259 | Vaults:3 | Received a gift from Trog
 69750 | Vaults:4 | Found Adel's Food Shoppe.
 69869 | Vaults:5 | Entered Level 5 of the Vaults
 69931 | Vaults:5 | Noticed Mennas
 69931 | Vaults:5 | Noticed Margery
 69935 | Vaults:5 | Noticed a golden dragon
 70009 | Vaults:5 | Reached skill level 10 in Stealth
 70166 | Vaults:5 | Reached skill level 22 in Bows
 70234 | Vaults:5 | Reached XP level 21. HP: 198/198 MP: 29/29
 70353 | Vaults:5 | Killed Margery
 70506 | Vaults:5 | Received a gift from Trog
 70511 | Vaults:5 | Identified the +5 hunting sling "Babruol" {velocity, rF+}
 70613 | Vaults:5 | Noticed an ancient lich
 70637 | Vaults:5 | Identified the +7 trident "Suzan" {freeze, *Corrode +Blink
                  | Dex+5}
 70642 | Vaults:5 | Hit by a large rock thrown by a stone giant

Levels and vault maps discovered:
D:1:      moated_graveyard_arrival, layout_loops_ring, serial_forest,
          infiniplex_forest_lined_corner, infiniplex_forest_end_1,
          infiniplex_forest_clump_double, infiniplex_forest_clump_diagonal,
          infiniplex_forest_zigzag_1, infiniplex_forest_clump_curved,
          infiniplex_forest_clump_small, infiniplex_forest_clump_small,
          infiniplex_forest_end_3, infiniplex_forest_lined_1
D:2:      layout_loops_ring
D:3:      layout_rooms, first_ration
D:4:      layout_rooms, bloody_trog, minmay_temple_entry_mini_moons,
          hangedman_decor_push
D:5:      layout_loops_ring
D:6:      layout_loops_ring, ebering_ghost_sewer_f, uniq_prince_ribbit1
D:7:      layout_loops_ring, uniq_menkaure
D:8:      layout_basic, minmay_lair_entry_grove, uniq_harold, uniq_maurice
D:9:      minmay_the_grid_3x2 [minmay_the_grid_doors, minmay_the_grid_empty,
          minmay_the_grid_empty, minmay_the_grid_box_x,
          minmay_the_grid_pillar_ring, minmay_the_grid_prize_big_room],
          layout_cave_pools, enter_bailey_8, uniq_psyche, uniq_joseph
D:10:     layout_roguey, grunt_ogre_cave, uniq_nergalle, uniq_sonja
D:11:     layout_loops_ring, grunt_decor_one_mirror, wad_mini_maze
D:12:     layout_loops_ring, orc_david_3, cheibriados_altar_1
D:13:     layout_basic, david_vaults_4, biasface_ghost_orc_armoury,
          kennysheep_windowed_goal, uniq_urug, uniq_azrael, uniq_snorg,
          uniq_josephine, uniq_nessos
D:14:     layout_stronghold
D:15:     hangedman_depths_entry_civil_slaughter, layout_basic, minivault_24,
          gauntlet_entry_generic, uniq_louise
Lair:1:   layout_chaotic_city
Lair:2:   layout_loops_ring, special_room [special_room_bee]
Lair:3:   layout_roguey, kennysheep_rathole, serial_bayou_shore_a,
          grunt_megastairs_3, serial_bayou_shore_b
Lair:4:   layout_regular_city, elwin_shoals_entry_stream,
          spider_nest_entry_rubble, minivault_27
Lair:5:   layout_regular_city, gammafunk_ghost_berserking_beasts, wad_woods_03,
          grunt_megastairs_1, serial_bayou_shore_b
Lair:6:   hangedman_lair_tendril_chambers, layout_gridlike, slime_altar_1,
          ebering_ghost_reflecting_pool
Shoals:1: gammafunk_the_bubble [the_bubble_gammafunk_split], layout_shoals,
          ebering_ghost_gozag, serial_shops, shop_fountains
Shoals:2: layout_shoals, nicolae_shoals_mertower
Shoals:3: layout_shoals, serial_shops, nicolae_shop_crystal,
          nicolae_shoals_aquamancer_cove, uniq_ilsuiw
Shoals:4: shoals_end_hangedman, layout_shoals, serial_shops,
          nicolae_shop_window_shopping, uniq_bai_suzhen
Spider:1: layout_spider_delve
Spider:2: layout_chambers
Spider:3: layout_spider_delve, drop_trap
Spider:4: floodkiller_spider_rune_tomb, hangedman_spider_mandibles, uniq_aizul
Orc:1:    layout_caves, mines4_lemuel
Orc:2:    st_orc_mages, layout_caves, basic_altar
Vaults:1: nicolae_vaults_theta, vaults_mumra_minichess_inversion,
          nicolae_vaults_stairing_the_circle,
          vaults_room_grunt_arrival_checkpoint, v_misc_4,
          hangedman_vaults_slice, hangedman_vaults_hat, vaults_dpeg_cross,
          vaults_room_large_hall, layout_vaults_omnicross
Vaults:2: serial_ice_b, hangedman_vaults_maws, v_misc_28,
          nicolae_vaults_what_the_h, v_misc_30, v_alt_pattern_5,
          nicolae_vaults_asterisk, vaults_room_fours, sword_in_stone,
          layout_vaults_omnigrid, serial_shops, bzr_entry_islet,
          nicolae_shop_stone, uniq_frederick
Vaults:3: nicolae_vaults_gold_heap, hangedman_vaults_trim,
          nicolae_vaults_specimen_jars, ontoclasm_vaults_spin,
          hangedman_vaults_river_flow, v_rooms_6, hangedman_vaults_maws,
          v_pattern_2, vaults_dpeg_encased_lava,
          minmay_crypt_entry_skeletal_spiral, special_room_vaults
          [special_room_orc], layout_vaults_ring, serial_shops,
          nicolae_shop_waterfront, uniq_nikola
Vaults:4: st_hourglassy, vaults_room_octagon, vaults_dpeg_doors,
          grunt_vaults_twisty, hangedman_vaults_locks, hangedman_vaults_trim,
          ontoclasm_vaults_loading_screen, nicolae_vaults_border_crossing,
          layout_vaults_maze_snakey, serial_shops, shop_fountains
Vaults:5: uniq_mennas, uniq_margery

Skill      XL: |  1  2  3  4  5  6  7  8  9 10 11 12 13 14 15 16 17 18 19 20 21 |
---------------+----------------------------------------------------------------+-----
Stealth        | 1 2 3 4 5 6 7 8 9 10 | 10.1
Bows           | 6 7 8 10 11 12 14 15 16 17 18 19 20 21 22 | 22.2
Dodging        | 2 3 4 5 6 7 8 9 10 11 | 11.6
Short Blades   | 1 3 4 5 7 8 |  8.0
Fighting       | 3 4 5 6 7 8 9 10 11 12 13 | 13.8
Staves         | 1 2 3 |  3.3
Slings         | 5 7 10 11 12 13 14 15 16 | 16.2
Evocations     | 1 3 4 6 7 8 9 10 11 | 11.0
Armour         | 3 5 6 8 9 10 11 | 11.2

Action                   |  1- 3 |  4- 6 |  7- 9 | 10-12 | 13-15 | 16-18 | 19-21 || total
-------------------------+-------+-------+-------+-------+-------+-------+-------++-------
Melee: Short sword       |   138 |   135 |       |       |       |       |       ||   273
       Kick              |    23 |    43 |    33 |    13 |    26 |    57 |    29 ||   224
       Falchion          |       |     2 |       |       |       |       |       ||     2
       Quarterstaff      |       |    55 |   126 |    21 |    36 |       |       ||   238
       Quick blade       |       |       |       |       |       |   138 |    58 ||   196
       Hunting sling     |       |       |       |       |       |     1 |     3 ||     4
 Fire: Shortbow          |       |    98 |   180 |       |       |       |       ||   278
       Hunting sling     |       |       |    80 |   785 |  2113 |  2184 |  1895 ||  7057
       Longbow           |       |       |       |       |   148 |   174 |   261 ||   583
Throw: Stone             |     5 |    31 |    55 |    26 |       |       |       ||   117
       Boomerang         |       |       |     1 |       |       |       |       ||     1
       Javelin           |       |       |       |       |     2 |     9 |     3 ||    14
Invok: Trog's Hand       |       |       |       |     1 |     1 |     9 |    10 ||    21
       Berserk           |       |       |       |       |       |     1 |     2 ||     3
       Brothers in Arms  |       |       |       |       |       |     5 |       ||     5
 Abil: Evoke Flight      |       |       |       |       |       |    57 |     4 ||    61
       Evoke Invisibilit |       |       |       |       |       |       |     2 ||     2
Evoke: Wand              |       |       |       |       |     4 |       |       ||     4
       Lamp of fire      |       |       |       |       |     1 |       |       ||     1
  Use: Potion            |       |     1 |       |       |     3 |     4 |    14 ||    22
       Scroll            |       |       |     6 |    10 |     7 |    14 |    22 ||    59
 Stab: Sleeping          |       |       |     3 |       |       |       |       ||     3
  Eat: Chunk             |     2 |    10 |    15 |    21 |    34 |    26 |    33 ||   141
       Ration            |       |       |       |       |     2 |    11 |     2 ||    15
Armor: Leather armour    |    38 |    73 |    54 |    71 |    19 |       |       ||   255
       Acid dragon scale |       |       |       |       |   112 |   340 |   203 ||   655
       Troll leather arm |       |       |       |       |     4 |       |       ||     4
       Skin              |       |       |       |       |       |       |    10 ||    10
Dodge: Dodged            |    78 |    86 |    74 |   136 |   254 |   677 |   340 ||  1645
       Deflected         |       |       |       |       |       |    56 |    19 ||    75
       Rpst.: Falchion   |       |     1 |       |       |       |       |       ||     1
